TOP OF THE 1ST |
Memphis Blues batting - Pitching for Albuquerque Dukes : RHP Ronald Luongo
|
Pitching: RHP Ronald Luongo
|
|
Batting: RHB Mariano Duncan
|
0-0: Foul Ball, location: 2F 0-1: Ball 1-1: Fly out, F9 (Flyball, 9S, EV 88.1 MPH)
|
Batting: LHB Mike Patterson
|
0-0: Ball 1-0: Ground out U3 (Groundball, 34S, EV 61.9 MPH)
|
Batting: LHB David Christianson
|
0-0: Ball 1-0: Ball 2-0: Ball 3-0: Foul Ball, location: 2F 3-1: Called Strike 3-2: Foul Ball, location: 2F 3-2: Base on Balls
|
Batting: RHB Chris James
|
0-0: Swinging Strike 0-1: Called Strike 0-2: Ball 1-2: Strikes out looking
|
Top of the 1st over - 0 runs, 0 hits, 0 errors, 1 left on base; Memphis 0 - Albuquerque 0 |
BOTTOM OF THE 1ST |
Albuquerque Dukes batting - Pitching for Memphis Blues : RHP Craig Mitchell
|
Pitching: RHP Craig Mitchell
|
|
Batting: LHB Andres Romero
|
0-0: Ball 1-0: Ground out 2-3 (Groundball, 13S, EV 61.9 MPH)
|
Batting: RHB Steven Patterson
|
0-0: Ball 1-0: Foul Ball, location: 2F 1-1: Fly out, F8 (Flyball, 78D, EV 97.5 MPH)
|
Batting: LHB Dave Yobs
|
0-0: Ball 1-0: Ball 2-0: Called Strike 2-1: Foul Ball, location: 2F 2-2: SINGLE (Groundball, 13S, EV 61.9 MPH) (infield hit)
|
Batting: RHB Jeffrey Ronk
|
0-0: Called Strike 0-1: Called Strike 0-2: Foul Ball, location: 2F 0-2: Fly out, F8 (Line Drive, 8LM, EV 94.4 MPH)
|
Bottom of the 1st over - 0 runs, 1 hit, 0 errors, 1 left on base; Memphis 0 - Albuquerque 0 |
TOP OF THE 2ND |
Memphis Blues batting - Pitching for Albuquerque Dukes : RHP Ronald Luongo
|
Batting: RHB Randy Filkins
|
0-0: Swinging Strike 0-1: Ball 1-1: Ball 2-1: Swinging Strike 2-2: Ball 3-2: Base on Balls
|
Batting: RHB Augustine Garrett
|
0-0: Called Strike 0-1: Ball 1-1: Ball 2-1: Ball 3-1: Base on Balls Randy Filkins to second
|
Batting: LHB Don Jacoby
|
0-0: Called Strike 0-1: Ball 1-1: Ball 2-1: Foul Ball, location: 2F 2-2: Foul Ball, location: 2F 2-2: Strikes out swinging
|
Batting: RHB William Muth
|
0-0: Ball 1-0: Swinging Strike 1-1: Ball 2-1: Foul Ball, location: 2F 2-2: Strikes out swinging
|
Batting: RHB Bradley Shames
|
0-0: Ball 1-0: Ball 2-0: Ball 3-0: Called Strike 3-1: Swinging Strike 3-2: Ground out U3 (Groundball, 34, EV 82.5 MPH)
|
Top of the 2nd over - 0 runs, 0 hits, 0 errors, 2 left on base; Memphis 0 - Albuquerque 0 |
BOTTOM OF THE 2ND |
Albuquerque Dukes batting - Pitching for Memphis Blues : RHP Craig Mitchell
|
Batting: RHB John Hanley
|
0-0: Foul Ball, location: 2F 0-1: Ball 1-1: Ball 2-1: SINGLE (Line Drive, 9S, EV 103.8 MPH)
|
Batting: LHB Matthew Henderson
|
0-0: Foul Ball, location: 2F 0-1: Ball 1-1: Ball 2-1: Swinging Strike 2-2: Foul Ball, location: 2F 2-2: Foul Ball, location: 2F 2-2: Fielders Choice at 2nd, 1-6 (Groundball, 34S, EV 72.5 MPH)
|
Batting: RHB George Foussianes
|
0-0: Ball 1-0: Called Strike 1-1: Fielders Choice at 2nd, 6-4 (Groundball, 56, EV 85.6 MPH)
|
Batting: RHB Gus Malespin
|
0-0: Called Strike 0-1: Ground out 6-3 (Groundball, 6M, EV 83.1 MPH)
|
Bottom of the 2nd over - 0 runs, 1 hit, 0 errors, 1 left on base; Memphis 0 - Albuquerque 0 |
TOP OF THE 3RD |
Memphis Blues batting - Pitching for Albuquerque Dukes : RHP Ronald Luongo
|
Batting: RHB Mariano Duncan
|
0-0: Ball 1-0: Ball 2-0: Ball 3-0: Called Strike 3-1: TRIPLE (Flyball, 8RXD, EV 93.1 MPH)
|
Batting: LHB Mike Patterson
|
0-0: Called Strike 0-1: Called Strike 0-2: Foul Ball, location: 2F 0-2: Ball 1-2: Ball Wild Pitch! Mariano Duncan scores 2-2: Ball 3-2: Base on Balls
|
Batting: LHB David Christianson
|
0-0: Fly out, F8 (Flyball, 8LD, EV 98.8 MPH) Runner from 1st tags up, SAFE at 2nd
|
Batting: RHB Chris James
|
0-0: SINGLE (Groundball, 56S, EV 67.5 MPH) (infield hit) Mike Patterson to third
|
Batting: RHB Randy Filkins
|
0-0: Ball 1-0: Ball Wild Pitch! Mike Patterson scores Chris James to second 2-0: Called Strike 2-1: Ball 3-1: Called Strike 3-2: Foul Ball, location: 2F 3-2: Ground out 6-3 (Groundball, 6, EV 78.1 MPH)
|
Batting: RHB Augustine Garrett
|
0-0: Called Strike 0-1: Swinging Strike 0-2: Foul Ball, location: 2F 0-2: Strikes out swinging
|
Top of the 3rd over - 2 runs, 2 hits, 0 errors, 1 left on base; Memphis 2 - Albuquerque 0 |
BOTTOM OF THE 3RD |
Albuquerque Dukes batting - Pitching for Memphis Blues : RHP Craig Mitchell
|
Batting: RHB Kevin Harvey
|
0-0: Foul Ball, location: 2F 0-1: Foul Ball, location: 2F 0-2: Ball 1-2: Ground out 6-3 (Groundball, 6M, EV 99.4 MPH)
|
Batting: LHB Andres Romero
|
0-0: Called Strike 0-1: Foul Ball, location: 2F 0-2: Ground out 6-3 (Groundball, 6M, EV 103.8 MPH)
|
Batting: RHB Steven Patterson
|
0-0: Ball 1-0: Foul Ball, location: 2F 1-1: Called Strike 1-2: Strikes out swinging
|
Bottom of the 3rd over - 0 runs, 0 hits, 0 errors, 0 left on base; Memphis 2 - Albuquerque 0 |
TOP OF THE 4TH |
Memphis Blues batting - Pitching for Albuquerque Dukes : RHP Ronald Luongo
|
Batting: LHB Don Jacoby
|
0-0: Ball 1-0: Ball 2-0: Called Strike 2-1: Ball 3-1: Base on Balls
|
Batting: RHB William Muth
|
0-0: Swinging Strike 0-1: Ball 1-1: Foul Ball, location: 2F 1-2: Foul Ball, location: 2F 1-2: Strikes out swinging
|
Batting: RHB Bradley Shames
|
0-0: Fly out, F8 (Line Drive, 8LD, EV 83.8 MPH)
|
Batting: RHB Mariano Duncan
|
0-0: Ground out 2-3 (Groundball, 15S, EV 69.4 MPH)
|
Top of the 4th over - 0 runs, 0 hits, 0 errors, 1 left on base; Memphis 2 - Albuquerque 0 |
BOTTOM OF THE 4TH |
Albuquerque Dukes batting - Pitching for Memphis Blues : RHP Craig Mitchell
|
Batting: LHB Dave Yobs
|
0-0: Called Strike 0-1: Ball 1-1: Foul Ball, location: 2F 1-2: Fly out, F8 (Flyball, 8RD, EV 85.6 MPH)
|
Batting: RHB Jeffrey Ronk
|
0-0: Ground out 4-3 (Groundball, 4S, EV 90.6 MPH)
|
Batting: RHB John Hanley
|
0-0: Called Strike 0-1: Ball 1-1: Foul Ball, location: 2F 1-2: Ball 2-2: Fly out, F8 (Flyball, 8RD, EV 86.9 MPH)
|
Bottom of the 4th over - 0 runs, 0 hits, 0 errors, 0 left on base; Memphis 2 - Albuquerque 0 |
TOP OF THE 5TH |
Memphis Blues batting - Pitching for Albuquerque Dukes : RHP Ronald Luongo
|
Batting: LHB Mike Patterson
|
0-0: Ball 1-0: Ball 2-0: Foul Ball, location: 2F 2-1: Foul Ball, location: 2F 2-2: Foul Ball, location: 2F 2-2: Ground out 4-3 (Groundball, 4, EV 86.9 MPH)
|
Batting: LHB David Christianson
|
0-0: Ball 1-0: Ball 2-0: Foul Ball, location: 2F 2-1: Called Strike 2-2: Foul Ball, location: 2F 2-2: Strikes out swinging
|
Batting: RHB Chris James
|
0-0: Ball 1-0: Foul Ball, location: 2F 1-1: Hit by Pitch
|
Batting: RHB Randy Filkins
|
0-0: Ball 1-0: Ball 2-0: Called Strike 2-1: Foul Ball, location: 2F 2-2: Ball 3-2: Foul Ball, location: 2F 3-2: Foul Ball, location: 2F 3-2: Foul Ball, location: 2F 3-2: SINGLE (Groundball, 6S, EV 65.6 MPH) (infield hit) Chris James to second
|
Batting: RHB Augustine Garrett
|
0-0: Ball 1-0: Ball 2-0: Called Strike 2-1: Foul Ball, location: 2F 2-2: Ball 3-2: Strikes out swinging
|
Top of the 5th over - 0 runs, 1 hit, 0 errors, 2 left on base; Memphis 2 - Albuquerque 0 |
BOTTOM OF THE 5TH |
Albuquerque Dukes batting - Pitching for Memphis Blues : RHP Craig Mitchell
|
Batting: LHB Matthew Henderson
|
0-0: Called Strike 0-1: Ball 1-1: Called Strike 1-2: Ball 2-2: Foul Ball, location: 2F 2-2: Ball 3-2: Foul Ball, location: 2F 3-2: Foul Ball, location: 2F 3-2: Foul Ball, location: 2F 3-2: Base on Balls
|
Batting: RHB George Foussianes
|
0-0: Ball 1-0: Ball 2-0: Swinging Strike 2-1: Ball 3-1: Base on Balls Matthew Henderson to second
|
Batting: RHB Gus Malespin
|
0-0: Ball 1-0: SINGLE (Line Drive, 34D, EV 97.5 MPH) Matthew Henderson to third George Foussianes to second Runner from 3rd tries for Home, SAFE, throw by RF to home
|
Batting: RHB Kevin Harvey
|
0-0: Ball 1-0: Ball 2-0: Bunted foul 2-1: Bunted foul 2-2: Foul Ball, location: 2F 2-2: Fly out, F5 (Line Drive, 5, EV 66.3 MPH)
|
Batting: LHB Andres Romero
|
0-0: Ball 1-0: Foul Ball, location: 2F 1-1: Foul Ball, location: 2F 1-2: Strikes out swinging
|
Batting: RHB Steven Patterson
|
0-0: SINGLE (Groundball, 34D, EV 96.3 MPH) George Foussianes to third Gus Malespin to second Runner from 3rd tries for Home, SAFE, throw by RF to home
|
Batting: LHB Dave Yobs
|
0-0: Ball 1-0: Swinging Strike 1-1: Ball 2-1: Called Strike 2-2: Ball 3-2: Foul Ball, location: 2F 3-2: Ground out 2-3 (Groundball, 13S, EV 66.9 MPH)
|
Bottom of the 5th over - 2 runs, 2 hits, 0 errors, 2 left on base; Memphis 2 - Albuquerque 2 |
TOP OF THE 6TH |
Memphis Blues batting - Pitching for Albuquerque Dukes : RHP Ronald Luongo
|
Batting: LHB Don Jacoby
|
0-0: Called Strike 0-1: Ball 1-1: Swinging Strike 1-2: Foul Ball, location: 2F 1-2: SINGLE (Groundball, 4MD, EV 105.0 MPH)
|
Batting: RHB William Muth
|
0-0: Ball 1-0: Ball 2-0: Called Strike 2-1: Ball 3-1: Foul Ball, location: 2F 3-2: Fly out, F3 (Line Drive, 3, EV 65.0 MPH)
|
Batting: RHB Bradley Shames
|
0-0: Ball 1-0: Ground out 6-3 (Groundball, 6M, EV 83.8 MPH) Don Jacoby to second
|
Batting: RHB Mariano Duncan
|
0-0: DOUBLE (Line Drive, 89D, EV 111.9 MPH) Don Jacoby scores
|
Batting: LHB Mike Patterson
|
0-0: Swinging Strike 0-1: SINGLE (Line Drive, 8LM, EV 88.1 MPH) Mariano Duncan to third Runner from 3rd tries for Home, SAFE, throw by CF to home
|
Batting: LHB David Christianson
|
0-0: Ball 1-0: Ball 2-0: Called Strike 2-1: Called Strike 2-2: Strikes out looking
|
Top of the 6th over - 2 runs, 3 hits, 0 errors, 1 left on base; Memphis 4 - Albuquerque 2 |
BOTTOM OF THE 6TH |
Albuquerque Dukes batting - Pitching for Memphis Blues : RHP Craig Mitchell
|
Batting: RHB Jeffrey Ronk
|
0-0: DOUBLE (Line Drive, 9LS, EV 105.0 MPH) - OUT at third base trying to stretch hit.
|
Batting: RHB John Hanley
|
0-0: Ball 1-0: Called Strike 1-1: Foul Ball, location: 2F 1-2: Ball 2-2: Ball 3-2: Ground out 5-3 (Groundball, 56S, EV 91.3 MPH)
|
Batting: LHB Matthew Henderson
|
0-0: Ball 1-0: Ball 2-0: Swinging Strike 2-1: Called Strike 2-2: Ball 3-2: Foul Ball, location: 2F 3-2: Ground out U3 (Groundball, 3S, EV 77.5 MPH)
|
Bottom of the 6th over - 0 runs, 1 hit, 0 errors, 0 left on base; Memphis 4 - Albuquerque 2 |
TOP OF THE 7TH |
Memphis Blues batting - Pitching for Albuquerque Dukes : RHP Ronald Luongo
|
Batting: RHB Chris James
|
0-0: Foul Ball, location: 2F 0-1: Fly out, F9 (Flyball, 89S, EV 82.5 MPH)
|
Batting: RHB Randy Filkins
|
0-0: Swinging Strike 0-1: Foul Ball, location: 2F 0-2: Foul Ball, location: 2F 0-2: Ball 1-2: Ball 2-2: SINGLE (Groundball, 56D, EV 95.6 MPH)
|
Batting: RHB Augustine Garrett
|
0-0: Fielders Choice at 2nd, 2-4 (Groundball, 15S, EV 64.4 MPH)
|
Batting: LHB Don Jacoby
|
0-0: Called Strike 0-1: Fly out, F5 (Popup, 56, EV 72.5 MPH)
|
Top of the 7th over - 0 runs, 1 hit, 0 errors, 1 left on base; Memphis 4 - Albuquerque 2 |
BOTTOM OF THE 7TH |
Albuquerque Dukes batting - Pitching for Memphis Blues : RHP Craig Mitchell
|
Batting: RHB George Foussianes
|
0-0: Ball 1-0: Ball 2-0: Ball 3-0: Base on Balls
|
Batting: RHB Gus Malespin
|
0-0: Called Strike 0-1: Ball 1-1: Fly out, F8 (Line Drive, 8RM, EV 94.4 MPH)
|
Batting: RHB Kevin Harvey
|
0-0: Ball 1-0: Called Strike 1-1: Foul Ball, location: 2F 1-2: Ball 2-2: Ball 3-2: Foul Ball, location: 2F 3-2: Grounds into double play, 6-4-3 (Groundball, 6, EV 90.6 MPH)
|
Bottom of the 7th over - 0 runs, 0 hits, 0 errors, 0 left on base; Memphis 4 - Albuquerque 2 |
TOP OF THE 8TH |
Memphis Blues batting - Pitching for Albuquerque Dukes : RHP Ronald Luongo
|
Batting: RHB William Muth
|
0-0: Ball 1-0: Ball 2-0: Foul Ball, location: 2F 2-1: Foul Ball, location: 2F 2-2: Ball 3-2: Foul Ball, location: 2F 3-2: Foul Ball, location: 2F 3-2: Base on Balls
|
Batting: RHB Bradley Shames
|
0-0: Ball 1-0: Ball 2-0: Called Strike 2-1: Foul Ball, location: 2F 2-2: Ball 3-2: Foul Ball, location: 2F 3-2: Strikes out swinging
|
Pitching: RHP Craig McMurtry
|
|
Batting: RHB Mariano Duncan
|
0-0: Ball 1-0: Ball 2-0: Reached on error, E6 (Groundball, 6, EV 104.4 MPH) William Muth to second
|
Batting: LHB Mike Patterson
|
0-0: Ball 1-0: DOUBLE (Line Drive, 8LXD, EV 100.0 MPH) William Muth scores Mariano Duncan to third
|
Batting: LHB David Christianson
|
0-0: Fly out, F8 (Flyball, 8LD, EV 97.5 MPH) Runner from 3rd tags up, SCORES, throw by CF
|
Batting: RHB Chris James
|
0-0: Ball 1-0: SINGLE (Line Drive, 9LM, EV 101.3 MPH) Mike Patterson to third Runner from 3rd tries for Home, SAFE, throw by RF to home
|
Batting: RHB Randy Filkins
|
0-0: Ball 1-0: Ball 2-0: Called Strike 2-1: SINGLE (Flyball, 34D, EV 85.0 MPH) Chris James to second Runner from 2nd tries for 3rd, SAFE, throw by RF made to third
|
Batting: RHB Augustine Garrett
|
0-0: Ball 1-0: Foul Ball, location: 2F 1-1: Called Strike 1-2: Foul Ball, location: 2F 1-2: Foul Ball, location: 2F 1-2: Ball 2-2: Strikes out swinging
|
Top of the 8th over - 3 runs, 3 hits, 1 error, 2 left on base; Memphis 7 - Albuquerque 2 |
BOTTOM OF THE 8TH |
Albuquerque Dukes batting - Pitching for Memphis Blues : RHP Craig Mitchell
|
Batting: LHB Andres Romero
|
0-0: Ball 1-0: Fly out, F8 (Line Drive, 8RD, EV 93.1 MPH)
|
Now in CF: Dave Penniall
|
|
Batting: RHB Steven Patterson
|
0-0: Ball 1-0: Swinging Strike 1-1: Ground out 6-3 (Groundball, 56, EV 96.9 MPH)
|
Batting: LHB Dave Yobs
|
0-0: Called Strike 0-1: Swinging Strike 0-2: SOLO HOME RUN (Flyball, 9D, EV 95.0 MPH), Distance : 382 ft
|
Batting: RHB Jeffrey Ronk
|
0-0: Ball 1-0: Ball 2-0: Foul Ball, location: 2F 2-1: Ball 3-1: Fly out, F7 (Flyball, 7D, EV 93.8 MPH)
|
Bottom of the 8th over - 1 run, 1 hit, 0 errors, 0 left on base; Memphis 7 - Albuquerque 3 |
TOP OF THE 9TH |
Memphis Blues batting - Pitching for Albuquerque Dukes : RHP Craig McMurtry
|
Batting: LHB Don Jacoby
|
0-0: Fly out, F4 (Popup, 4S, EV 76.3 MPH)
|
Batting: RHB William Muth
|
0-0: Swinging Strike 0-1: Ground out 3-1 (Groundball, 34, EV 106.3 MPH)
|
Batting: RHB Bradley Shames
|
0-0: Swinging Strike 0-1: Called Strike 0-2: Ball 1-2: Strikes out swinging
|
Top of the 9th over - 0 runs, 0 hits, 0 errors, 0 left on base; Memphis 7 - Albuquerque 3 |
BOTTOM OF THE 9TH |
Albuquerque Dukes batting - Pitching for Memphis Blues : RHP Craig Mitchell
|
Pitching: RHP Mark Humphrey
|
|
Batting: RHB John Hanley
|
0-0: Called Strike 0-1: Ball 1-1: Foul Ball, location: 2F 1-2: Ground out 5-3 (Groundball, 56S, EV 93.8 MPH)
|
Batting: LHB Matthew Henderson
|
0-0: Fly out, F7 (Line Drive, 7, EV 93.1 MPH)
|
Batting: RHB George Foussianes
|
0-0: Called Strike 0-1: Foul Ball, location: 2F 0-2: Foul Ball, location: 2F 0-2: Ball 1-2: Foul Ball, location: 2F 1-2: Ball 2-2: Ball 3-2: SINGLE (Line Drive, 89S, EV 110.0 MPH)
|
Batting: RHB Gus Malespin
|
0-0: Swinging Strike 0-1: Ball 1-1: Fielders Choice at 2nd, 5-4 (Groundball, 56, EV 88.1 MPH)
|
Bottom of the 9th over - 0 runs, 1 hit, 0 errors, 1 left on base; Memphis 7 - Albuquerque 3 |
|